SAAA
SUNSET DISTRICT FOG @ FLORIDA MEN
06/30/2037
 
TOP OF THE 1ST
Sunset District Fog batting - Pitching for Florida Men : RHP Atila Freska
Pitching: RHP Atila Freska
Batting: SHB Zack Murphy 0-0: Ball
1-0: SINGLE (Flyball, 9S, EV 87.5 MPH)
Batting: LHB Roderick Simpson 0-0: Fly out, F5 (Popup, 5F, EV 75.6 MPH)
Batting: SHB Cecil Nelson 0-0: Ball
1-0: Swinging Strike
1-1: Ball
2-1: Fielders Choice at 2nd, 5-4 (Groundball, 56, EV 103.1 MPH)
Batting: RHB Silvian Burger 0-0: Swinging Strike
0-1: Fly out, F9 (Flyball, 9D, EV 103.1 MPH)
Top of the 1st over - 0 runs, 1 hit, 0 errors, 1 left on base; Sunset District 0 - Florida 0
BOTTOM OF THE 1ST
Florida Men batting - Pitching for Sunset District Fog : RHP Akinori Yamauchi
Pitching: RHP Akinori Yamauchi
Batting: RHB Jorge Salgado 0-0: Ball
1-0: Ball
2-0: Fly out, F8 (Line Drive, 8RM, EV 94.4 MPH)
Batting: LHB Eduardo Álvarez 0-0: Ball
1-0: Called Strike
1-1: Ball
2-1: Called Strike
2-2: Foul Ball, location: 2F
2-2: Strikes out looking
Batting: RHB Barsati Saraf 0-0: Called Strike
0-1: Fly out, F7 (Flyball, 78S, EV 90.6 MPH)
Bottom of the 1st over - 0 runs, 0 hits, 0 errors, 0 left on base; Sunset District 0 - Florida 0
TOP OF THE 2ND
Sunset District Fog batting - Pitching for Florida Men : RHP Atila Freska
Batting: LHB Jesús Colón 0-0: Called Strike
0-1: Called Strike
0-2: Ball
1-2: Fly out, F8 (Flyball, 8LD, EV 90.0 MPH)
Batting: RHB Vonne Navarrete 0-0: Ball
1-0: Called Strike
1-1: Swinging Strike
1-2: Foul Ball, location: 2F
1-2: Fly out, F8 (Flyball, 8LD, EV 91.2 MPH)
Batting: RHB Carlo Beedle 0-0: DOUBLE (Line Drive, 9LS, EV 104.4 MPH)
Batting: RHB Will Dobson 0-0: SINGLE (Line Drive, 78M, EV 98.1 MPH)
Carlo Beedle to third
Runner from 3rd tries for Home, SAFE, no throw by LF
Batting: RHB George Hubbard 0-0: Called Strike
0-1: Called Strike
0-2: Fly out, F9 (Flyball, 9, EV 89.4 MPH)
Top of the 2nd over - 1 run, 2 hits, 0 errors, 1 left on base; Sunset District 1 - Florida 0
BOTTOM OF THE 2ND
Florida Men batting - Pitching for Sunset District Fog : RHP Akinori Yamauchi
Batting: LHB Jesús Encarnación 0-0: SINGLE (Groundball, 4MD, EV 100.0 MPH)
Batting: LHB Ronald Anderson 0-0: SINGLE (Line Drive, 89M, EV 98.8 MPH)
Jesús Encarnación to second
Batting: RHB Pellervo Rintanen 0-0: Ball
1-0: Ball
2-0: Called Strike
2-1: Called Strike
2-2: Foul Ball, location: 2F
2-2: Ball
3-2: Fly out, F7 (Flyball, 78M, EV 96.9 MPH)
Batting: LHB Peter Metellus 0-0: Called Strike
0-1: Grounds into double play, 6-4-3 (Groundball, 6M, EV 86.9 MPH)
Bottom of the 2nd over - 0 runs, 2 hits, 0 errors, 1 left on base; Sunset District 1 - Florida 0
TOP OF THE 3RD
Sunset District Fog batting - Pitching for Florida Men : RHP Atila Freska
Batting: SHB Zack Murphy 0-0: Ball
1-0: Called Strike
1-1: Foul Ball, location: 2F
1-2: SINGLE (Line Drive, 56D, EV 100.6 MPH)
Batting: LHB Roderick Simpson 0-0: Ball
1-0: Swinging Strike
1-1: Ball
2-1: Foul Ball, location: 2F
2-2: Ball
3-2: Ground out 3-1 (Groundball, 3S, EV 83.8 MPH)
Zack Murphy to second
Batting: SHB Cecil Nelson 0-0: Ball
1-0: Ball
2-0: Foul Ball, location: 2F
2-1: SINGLE (Flyball, 9LS, EV 93.1 MPH)
Zack Murphy to third
Throwing error, E9
Zack Murphy scores
Cecil Nelson to second
Batting: RHB Silvian Burger 0-0: Fly out, F8 (Flyball, 8RS, EV 75.6 MPH)
Batting: LHB Jesús Colón 0-0: Called Strike
0-1: Foul Ball, location: 2F
0-2: Ball
1-2: Fly out, F8 (Flyball, 8LM, EV 85.6 MPH)
Top of the 3rd over - 1 run, 2 hits, 1 error, 1 left on base; Sunset District 2 - Florida 0
BOTTOM OF THE 3RD
Florida Men batting - Pitching for Sunset District Fog : RHP Akinori Yamauchi
Batting: RHB Chang-lit Min 0-0: Called Strike
0-1: Ball
1-1: Ball
2-1: Swinging Strike
2-2: Ground out 4-3 (Groundball, 4, EV 85.6 MPH)
Batting: RHB Marcos Alfaro 0-0: Called Strike
0-1: Swinging Strike
0-2: Ball
1-2: Strikes out swinging
Batting: RHB Jorge Salgado 0-0: Ball
1-0: Ball
2-0: Called Strike
2-1: Ball
3-1: Swinging Strike
3-2: SINGLE (Line Drive, 3L, EV 102.5 MPH)
Batting: LHB Eduardo Álvarez 0-0: Ball
1-0: Ball
2-0: Ball
3-0: SINGLE (Flyball, 5D, EV 86.2 MPH)
Jorge Salgado to second
Batting: RHB Barsati Saraf 0-0: Fly out, F9 (Flyball, 9LS, EV 98.1 MPH)
Bottom of the 3rd over - 0 runs, 2 hits, 0 errors, 2 left on base; Sunset District 2 - Florida 0
TOP OF THE 4TH
Sunset District Fog batting - Pitching for Florida Men : RHP Atila Freska
Batting: RHB Vonne Navarrete 0-0: Ball
1-0: Hit by Pitch
Batting: RHB Carlo Beedle 0-0: Ball
1-0: Ball
2-0: Ball
3-0: Called Strike
3-1: Fly out, F3 (Popup, 34S, EV 86.2 MPH)
Batting: RHB Will Dobson 0-0: Ball
1-0: Ball
2-0: Fly out, F8 (Flyball, 8LXD, EV 105.0 MPH)
Batting: RHB George Hubbard 0-0: Foul Ball, location: 2F
0-1: Ball
1-1: Fielders Choice at 2nd, 6-4 (Groundball, 6, EV 86.9 MPH)
Top of the 4th over - 0 runs, 0 hits, 0 errors, 1 left on base; Sunset District 2 - Florida 0
BOTTOM OF THE 4TH
Florida Men batting - Pitching for Sunset District Fog : RHP Akinori Yamauchi
Batting: LHB Jesús Encarnación 0-0: Ball
1-0: SOLO HOME RUN (Flyball, 7D, EV 96.2 MPH), Distance : 364 ft
Batting: LHB Ronald Anderson 0-0: Ball
1-0: Ball
2-0: Called Strike
2-1: SINGLE (Groundball, 4MD, EV 98.8 MPH)
Batting: RHB Pellervo Rintanen 0-0: Ball
1-0: DOUBLE (Line Drive, 89D, EV 114.4 MPH)
Ronald Anderson to third
Batting: LHB Peter Metellus 0-0: Ball
1-0: Swinging Strike
1-1: SINGLE (Line Drive, 4MD, EV 97.5 MPH)
Ronald Anderson scores
Pellervo Rintanen to third
Batting: RHB Chang-lit Min 0-0: Ball
1-0: Fly out, F8 (Flyball, 8LXD, EV 100.6 MPH)
Runner from 3rd tags up, SCORES, no throw by CF
Batting: RHB Marcos Alfaro 0-0: Fielders Choice at 2nd, 6-4 (Groundball, 6, EV 90.0 MPH)
Batting: RHB Jorge Salgado 0-0: Ball
Marcos Alfaro steals 2nd base
1-0: Foul Ball, location: 2F
1-1: Called Strike
1-2: Ball
2-2: Fly out, F9 (Flyball, 89D, EV 108.8 MPH)
Bottom of the 4th over - 3 runs, 4 hits, 0 errors, 1 left on base; Sunset District 2 - Florida 3
TOP OF THE 5TH
Sunset District Fog batting - Pitching for Florida Men : RHP Atila Freska
Batting: SHB Zack Murphy 0-0: Ball
1-0: Ground out 6-3 (Groundball, 6, EV 90.0 MPH)
Batting: LHB Roderick Simpson 0-0: Ball
1-0: Ball
2-0: Ball
3-0: Base on Balls
Batting: SHB Cecil Nelson 0-0: Ball
1-0: Fly out, F5 (Popup, 5F, EV 60.0 MPH)
Batting: RHB Silvian Burger 0-0: Ball
1-0: Ball
2-0: Foul Ball, location: 2F
2-1: Foul Ball, location: 2F
2-2: Fielders Choice at 2nd, 6-4 (Groundball, 6, EV 81.2 MPH)
Top of the 5th over - 0 runs, 0 hits, 0 errors, 1 left on base; Sunset District 2 - Florida 3
BOTTOM OF THE 5TH
Florida Men batting - Pitching for Sunset District Fog : RHP Akinori Yamauchi
Batting: LHB Eduardo Álvarez 0-0: Ball
1-0: Ball
2-0: Foul Ball, location: 2F
2-1: Fly out, F7 (Flyball, 78M, EV 86.9 MPH)
Batting: RHB Barsati Saraf 0-0: Fly out, F7 (Flyball, 7LMF, EV 107.5 MPH)
Batting: LHB Jesús Encarnación 0-0: SINGLE (Flyball, 89M, EV 89.4 MPH)
Batting: LHB Ronald Anderson 0-0: Ball
1-0: Swinging Strike
1-1: Foul Ball, location: 2F
1-2: Ball
2-2: Ball
3-2: Base on Balls
Jesús Encarnación to second
Batting: RHB Pellervo Rintanen 0-0: Foul Ball, location: 2F
0-1: Ground out 5-3 (Groundball, 56S, EV 83.8 MPH)
Bottom of the 5th over - 0 runs, 1 hit, 0 errors, 2 left on base; Sunset District 2 - Florida 3
TOP OF THE 6TH
Sunset District Fog batting - Pitching for Florida Men : RHP Atila Freska
Batting: LHB Jesús Colón 0-0: Foul Ball, location: 2F
0-1: Ball
1-1: Fly out, F7 (Line Drive, 7, EV 92.5 MPH)
Batting: RHB Vonne Navarrete 0-0: Swinging Strike
0-1: Swinging Strike
0-2: Foul Ball, location: 2F
0-2: Ball
1-2: Foul Ball, location: 2F
1-2: Ball
2-2: Ball
3-2: Foul Ball, location: 2F
3-2: SINGLE (Line Drive, 89S, EV 101.2 MPH)
Batting: RHB Carlo Beedle 0-0: Called Strike
0-1: Foul Ball, location: 2F
0-2: Fielders Choice at 2nd, 1-6 (Groundball, 34S, EV 76.9 MPH)
Batting: RHB Will Dobson 0-0: Called Strike
0-1: Called Strike
0-2: Ball
1-2: Fly out, F8 (Flyball, 8LM, EV 88.1 MPH)
Top of the 6th over - 0 runs, 1 hit, 0 errors, 1 left on base; Sunset District 2 - Florida 3
BOTTOM OF THE 6TH
Florida Men batting - Pitching for Sunset District Fog : RHP Akinori Yamauchi
Batting: LHB Peter Metellus 0-0: Ball
1-0: Ball
2-0: Called Strike
2-1: SINGLE (Line Drive, 8RS, EV 95.0 MPH)
Batting: RHB Chang-lit Min 0-0: Bunt missed!
0-1: Bunt - Flyout to 2L! F2
Batting: RHB Marcos Alfaro 0-0: Called Strike
0-1: Ball
1-1: Fielders Choice at 2nd, 6-4 (Groundball, 6, EV 87.5 MPH)
Batting: RHB Jorge Salgado Pickoff Throw to First - Error! E1
Marcos Alfaro to second
0-0: Ball
1-0: Foul Ball, location: 2F
1-1: Ball
2-1: Ball
3-1: Foul Ball, location: 2F
3-2: Base on Balls
Batting: LHB Eduardo Álvarez 0-0: SINGLE (Line Drive, 9S, EV 98.1 MPH)
Marcos Alfaro to third
Jorge Salgado to second
Batting: RHB Barsati Saraf 0-0: Ground out 2-3 (Groundball, 2R, EV 73.1 MPH)
Bottom of the 6th over - 0 runs, 2 hits, 1 error, 3 left on base; Sunset District 2 - Florida 3
TOP OF THE 7TH
Sunset District Fog batting - Pitching for Florida Men : RHP Atila Freska
Batting: RHB George Hubbard 0-0: Ground out 5-3 (Groundball, 56S, EV 77.5 MPH)
Batting: SHB Zack Murphy 0-0: Fly out, F9 (Flyball, 9, EV 86.9 MPH)
Batting: LHB Roderick Simpson 0-0: Fly out, F8 (Flyball, 78XD, EV 100.6 MPH)
Top of the 7th over - 0 runs, 0 hits, 0 errors, 0 left on base; Sunset District 2 - Florida 3
BOTTOM OF THE 7TH
Florida Men batting - Pitching for Sunset District Fog : RHP Akinori Yamauchi
Pitching: RHP Abraham van der Meulen
Batting: LHB Jesús Encarnación 0-0: Foul Ball, location: 2F
0-1: Ball
1-1: Foul Ball, location: 2F
1-2: Strikes out swinging
Batting: LHB Ronald Anderson 0-0: Ball
1-0: Ball
2-0: Ball
3-0: Base on Balls
Batting: RHB Pellervo Rintanen 0-0: Called Strike
0-1: Ball
1-1: Foul Ball, location: 2F
1-2: Strikes out swinging
Batting: LHB Peter Metellus 0-0: Ball
1-0: Called Strike
1-1: SINGLE (Line Drive, 7S, EV 98.1 MPH)
Ronald Anderson to second
Batting: RHB Chang-lit Min 0-0: Called Strike
0-1: Called Strike
0-2: Strikes out swinging
Bottom of the 7th over - 0 runs, 1 hit, 0 errors, 2 left on base; Sunset District 2 - Florida 3
TOP OF THE 8TH
Sunset District Fog batting - Pitching for Florida Men : RHP Atila Freska
Batting: SHB Cecil Nelson 0-0: Ball
1-0: Called Strike
1-1: Swinging Strike
1-2: Fly out, F8 (Flyball, 8RXD, EV 100.0 MPH)
Pitching: RHP Manny Benavides
Batting: RHB Silvian Burger 0-0: Ball
1-0: Swinging Strike
1-1: Called Strike
1-2: Foul Ball, location: 2F
1-2: Ball
2-2: Fly out, F8 (Line Drive, 8LD, EV 89.4 MPH)
Batting: LHB Jesús Colón 0-0: Called Strike
0-1: Called Strike
0-2: Ball
1-2: Ball
2-2: Foul Ball, location: 2F
2-2: Ball
3-2: Fly out, F3 (Popup, 3F, EV 67.5 MPH)
Top of the 8th over - 0 runs, 0 hits, 0 errors, 0 left on base; Sunset District 2 - Florida 3
BOTTOM OF THE 8TH
Florida Men batting - Pitching for Sunset District Fog : RHP Abraham van der Meulen
Batting: RHB Marcos Alfaro 0-0: Foul Ball, location: 2F
0-1: Fly out, F6 (Popup, 56, EV 61.9 MPH)
Batting: RHB Jorge Salgado 0-0: Called Strike
0-1: Foul Ball, location: 2F
0-2: Foul Ball, location: 2F
0-2: Ball
1-2: Strikes out swinging
Batting: LHB Eduardo Álvarez 0-0: Ball
1-0: Ball
2-0: Fly out, F9 (Flyball, 89D, EV 89.4 MPH)
Bottom of the 8th over - 0 runs, 0 hits, 0 errors, 0 left on base; Sunset District 2 - Florida 3
TOP OF THE 9TH
Sunset District Fog batting - Pitching for Florida Men : RHP Manny Benavides
Pitching: RHP Joseph Merle
Now at SS: Pedro Ortíz
Batting: RHB Vonne Navarrete 0-0: Ball
1-0: Reached on error, E5 (Flyball, 5D, EV 84.4 MPH)
Pinch Hitting: LHB Ieyoshi Samurakami 0-0: SINGLE (Line Drive, 3D, EV 97.5 MPH)
Vonne Navarrete to second
Runner from 2nd tries for 3rd, SAFE, throw by RF made to third
Batting: RHB Will Dobson 0-0: Ball
1-0: Called Strike
1-1: Fly out, F6 (Popup, 6M, EV 58.1 MPH)
Pinch Hitting: LHB Steve Williams 0-0: Ball
1-0: Called Strike
1-1: Swinging Strike
1-2: Strikes out swinging
Batting: SHB Zack Murphy 0-0: Ball
1-0: Ball
2-0: Ball
3-0: Called Strike
3-1: SINGLE (Line Drive, 4M, EV 98.8 MPH)
Vonne Navarrete scores
Ieyoshi Samurakami to second
Batting: LHB Roderick Simpson 0-0: Ball
1-0: Called Strike
1-1: Called Strike
1-2: Ground out U3 (Groundball, 34, EV 95.6 MPH)
Top of the 9th over - 1 run, 2 hits, 1 error, 2 left on base; Sunset District 3 - Florida 3
BOTTOM OF THE 9TH
Florida Men batting - Pitching for Sunset District Fog : RHP Abraham van der Meulen
Pitching: RHP Paco Garza
Now at C: Ieyoshi Samurakami
Now at 2B: Steve Williams
Batting: RHB Barsati Saraf 0-0: Ground out 5-3 (Groundball, 5S, EV 89.4 MPH)
Batting: LHB Jesús Encarnación 0-0: Ball
1-0: Swinging Strike
1-1: Called Strike
1-2: Ball
2-2: Ground out 5-3 (Groundball, 56S, EV 65.6 MPH)
Batting: LHB Ronald Anderson 0-0: Ball
1-0: Foul Ball, location: 2F
1-1: Foul Ball, location: 2F
1-2: Ball
2-2: Ball
3-2: Base on Balls
Pinch Hitting: LHB Matt Herman 0-0: Ball
1-0: Ball
2-0: Called Strike
2-1: Called Strike
2-2: Ball
Wild Pitch!
Ronald Anderson to second
3-2: Foul Ball, location: 2F
3-2: Strikes out swinging
Bottom of the 9th over - 0 runs, 0 hits, 0 errors, 1 left on base; Sunset District 3 - Florida 3
TOP OF THE 10TH
Sunset District Fog batting - Pitching for Florida Men : RHP Joseph Merle
Now at 1B: General Booty
Batting: SHB Cecil Nelson 0-0: Ball
1-0: Foul Ball, location: 2F
1-1: Fly out, F6 (Popup, P, EV 75.0 MPH)
Batting: RHB Silvian Burger 0-0: Ball
1-0: Foul Ball, location: 2F
1-1: Swinging Strike
1-2: Ground out 6-3 (Groundball, 56, EV 105.6 MPH)
Batting: LHB Jesús Colón 0-0: Ball
1-0: Fly out, F6 (Popup, P, EV 80.6 MPH)
Top of the 10th over - 0 runs, 0 hits, 0 errors, 0 left on base; Sunset District 3 - Florida 3
BOTTOM OF THE 10TH
Florida Men batting - Pitching for Sunset District Fog : RHP Paco Garza
Batting: LHB Peter Metellus 0-0: Ball
1-0: Ground out 6-3 (Groundball, 56, EV 88.1 MPH)
Pinch Hitting: RHB António Pérez 0-0: Foul Ball, location: 2F
0-1: Called Strike
0-2: Ball
1-2: Strikes out swinging, 2-3 out at first.
Batting: RHB Marcos Alfaro 0-0: Ball
1-0: Foul Ball, location: 2F
1-1: Foul Ball, location: 2F
1-2: Ball
2-2: Ball
3-2: Foul Ball, location: 2F
3-2: Foul Ball, location: 2F
3-2: Strikes out swinging
Bottom of the 10th over - 0 runs, 0 hits, 0 errors, 0 left on base; Sunset District 3 - Florida 3
TOP OF THE 11TH
Sunset District Fog batting - Pitching for Florida Men : RHP Joseph Merle
Pitching: LHP Geoffroy Cadaloba
Now at 2B: António Pérez
Batting: RHB Vonne Navarrete 0-0: Ball
1-0: DOUBLE (Groundball, 5L, EV 106.9 MPH)
Batting: LHB Ieyoshi Samurakami 0-0: Foul Ball, location: 2F
0-1: Ball
1-1: SINGLE (Groundball, 4D, EV 105.6 MPH)
Vonne Navarrete to third
Runner from 3rd tries for Home, SAFE, throw by RF to home
Batting: RHB Will Dobson 0-0: Called Strike
0-1: Ball
1-1: Bunt - Flyout to 3S! F3
Batting: LHB Steve Williams 0-0: Called Strike
0-1: Ball
1-1: Swinging Strike
1-2: Foul Ball, location: 2F
1-2: Fielders Choice at 2nd, 1-6 (Groundball, 13S, EV 61.2 MPH)
Batting: SHB Zack Murphy 0-0: Foul Ball, location: 2F
0-1: Swinging Strike
0-2: Ball
1-2: Ball
2-2: Strikes out swinging
Top of the 11th over - 1 run, 2 hits, 0 errors, 1 left on base; Sunset District 4 - Florida 3
BOTTOM OF THE 11TH
Florida Men batting - Pitching for Sunset District Fog : RHP Paco Garza
Pitching: RHP Larry Strozier
Batting: RHB Jorge Salgado 0-0: Ball
1-0: Ball
2-0: Ball
3-0: Base on Balls
Pinch Hitting: LHB Iemitsu Hatsutori 0-0: Bunted foul
0-1: Ball
1-1: Sac Bunt to 15S - play at first, batter OUT! 1-4
Jorge Salgado to second
Batting: RHB Barsati Saraf 0-0: Ball
1-0: Ball
2-0: Foul Ball, location: 2F
2-1: Ball
3-1: Foul Ball, location: 2F
3-2: Foul Ball, location: 2F
3-2: Base on Balls
Batting: LHB Jesús Encarnación 0-0: Ball
1-0: Ball
2-0: Foul Ball, location: 2F
2-1: Swinging Strike
2-2: Ball
3-2: Fly out, F8 (Flyball, 8LXD, EV 95.0 MPH)
Runner from 2nd tags up, SAFE at 3rd, no throw by CF
Batting: LHB Ronald Anderson 0-0: Swinging Strike
0-1: Swinging Strike
0-2: Foul Ball, location: 2F
0-2: Strikes out looking
Bottom of the 11th over - 0 runs, 0 hits, 0 errors, 2 left on base; Sunset District 4 - Florida 3
Thursday, January 23rd, 2020 - OOTP Baseball 20.8 Build 74